 Dungeon Crawl Stone Soup version 0.22-b1-26-g9dbaab1 (webtiles) character file.

2542 Doobh the Covert (level 9, -2/84 HPs)
             Began as a Kobold Assassin on Aug 8, 2018.
             Slain by a wight
             ... wielding a +5 short sword
              (5 damage)
             ... on level 6 of the Dungeon on Aug 9, 2018.
             The game lasted 00:51:45 (13011 turns).

Doobh the Covert (Kobold Assassin)                 Turns: 13011, Time: 00:51:46

Health: -2/84      AC: 24    Str:  8    XL:     9   Next: 85%
Magic:  9/9        EV:  3    Int: 18    God:
Gold:   299        SH:  0    Dex: 24    Spells: 0/8 levels left

rFire    x . .     SeeInvis .   y - +1 dagger (venom)
rCold    + . .     Gourm    .   (shield restricted)
rNeg     + + +     Faith    .   (armour currently unavailable)
rPois    +         Spirit   .   (helmet currently unavailable)
rElec    .         Reflect  .   (cloak currently unavailable)
rCorr    +         Harm     .   (gloves currently unavailable)
MR       .....     NoTele   +   (boots currently unavailable)
Stlth    +++++.....             (no amulet)
HPRegen  0.24/turn              m - ring of ice
MPRegen  0.11/turn              a - ring of resist corrosion

@: brilliant, agile, tree-form, heavily drained
A: small, carnivore
a: no special abilities


You were on level 6 of the Dungeon.
You were very full.
You were a tree.
You visited 1 branch of the dungeon, and saw 7 of its levels.
You also visited: Sewer.

You collected 299 gold pieces.

Inventory:

Hand Weapons
 b - a +0 blowgun
 p - a +2 short sword
 q - a +2 dagger of draining
 y - a +1 dagger of venom (weapon)
Missiles
 d - 5 needles of sleeping
 e - 7 poisoned needles
 z - a curare-tipped needle
Armour
 c - a +0 robe (melded)
 n - a +1 helmet (melded)
 D - a +3 leather armour
Jewellery
 a - a ring of resist corrosion (right branch)
 m - a ring of ice (left branch)
 F - an uncursed amulet of the gourmand {unknown}
Wands
 u - a wand of iceblast (10)
 A - a wand of polymorph (22)
 C - a wand of flame (1)
Scrolls
 f - a scroll of fog
 i - 2 scrolls of amnesia
 l - 5 scrolls of remove curse
 r - a scroll of enchant weapon {unknown}
 s - 5 scrolls of magic mapping
 t - a scroll of enchant armour
 x - a scroll of immolation {unknown}
 B - 2 scrolls of fear
 E - a scroll of identify
Potions
 k - a potion of lignification
 o - a potion of flight
Comestibles
 g - 9 rations


   Skills:
 + Level 6.7(4.4) Fighting
 * Level 7.2(4.9) Short Blades
 + Level 5.3(3.1) Throwing
 * Level 8.3(5.9) Dodging
 + Level 9.1(6.7) Stealth
 - Level 1.5(0.0) Translocations


You couldn't memorise any spells.
You knew the following spells:

 Your Spells              Type           Power        Failure   Level  Hunger
a - Blink                 Tloc           N/A          4%          2    ###....
b - Confuse               Hex            ##......     8%          3    ####...
c - Dazzling Spray        Conj/Hex       ##....       8%          3    ####...

Your spell library contained the following spells:

 Spells                   Type           Power        Failure   Level  Hunger
 Tukima's Dance           Hex            ##......     8%          3    ####...
 Ensorcelled Hibernation  Hex/Ice        ###...       4%          2    ###....
 Corona                   Hex            ##.....      2%          1    ##.....


Dungeon Overview and Level Annotations

Branches:
Dungeon (7/15)
 Temple: D:4-7

Altars:
Sif Muna

Annotations:
D:4 2 transporters, blackflag1's ghost, amateur MiFi
D:6 Sigmund


Innate Abilities, Weirdness & Mutations

You are small and have problems with some larger weapons.
You are carnivorous and can eat meat at any time.


Message History

The wight is moderately damaged.
The wight hits you with an enchanted short sword.
* * * LOW HITPOINT WARNING * * *
You hit the wight but do no damage.
The wight is moderately damaged.
The wight hits you with an enchanted short sword.
* * * LOW HITPOINT WARNING * * *
You closely miss the wight.
The wight is moderately damaged.
You hit the wight but do no damage.
The wight is moderately damaged.
The wight hits you with an enchanted short sword.
* * * LOW HITPOINT WARNING * * *
You closely miss the wight.
The wight is moderately damaged.
The wight hits you but does no damage.
You hit the wight but do no damage.
The wight is moderately damaged.
The wight hits you with an enchanted short sword.
You die...

### ###.##
###....###
#....♣z..#
#........#
##.......# ##
##.....## #.###
##...##
###.......
##...###....?....
###.##..........
##............
#............


You could see a wight.

Vanquished Creatures
  Pikel (D:5)
  A water moccasin (D:5)
  2 orc warriors
  2 sky beasts
  3 slaves (D:4)
  Purgy (Sewer)
  An ogre (D:4)
  A big kobold (D:4)
  A water moccasin zombie (D:3)
  2 scorpions
  5 wights
  A vampire bat (D:5)
  A crimson imp (D:5)
  2 orc priests (D:5)
  A bullfrog skeleton (D:6)
  A hound (D:4)
  4 orc wizards
  Jessica (D:2)
  An iguana (D:4)
  Ijyb (D:5)
  Natasha (thrice) (D:4)
  7 worker ants
  A hound skeleton (D:6)
  A worker ant zombie (D:5)
  Robin (D:1)
  4 gnolls (D:3)
  A howler monkey skeleton (D:5)
  6 adders
  A shadow imp (D:5)
  An ooze (D:6)
  3 adder skeletons
  4 worms (D:3)
  2 dart slugs
  3 fire bats (D:5)
  6 leopard geckos
  17 orcs
  2 spectral bats (D:5)
  3 bat skeletons (D:5)
  A bat zombie (D:5)
  3 giant cockroaches
  10 hobgoblins
  3 jackals (D:4)
  11 kobolds
  2 quokkas
  3 ball pythons
  16 bats
  A bat simulacrum (D:5)
  6 frilled lizards
  14 goblins
  A leopard gecko skeleton (D:5)
  A quokka skeleton (D:6)
  6 rats
177 creatures vanquished.

Vanquished Creatures (others)
  A slave (D:5)
  A worker ant (D:5)
2 creatures vanquished.

Grand Total: 179 creatures vanquished

Notes
Turn   | Place    | Note
-------+----------+-------------------------------------------
     0 | D:1      | Doobh the Kobold Assassin began the quest for the Orb.
     0 | D:1      | Reached XP level 1. HP: 12/12 MP: 1/1
   278 | D:1      | Reached XP level 2. HP: 17/17 MP: 2/2
   433 | D:1      | Reached skill level 6 in Stealth
   839 | D:1      | Reached XP level 3. HP: 21/22 MP: 3/3
  1105 | D:2      | Noticed Robin
  1792 | D:1      | Killed Robin
  1993 | D:1      | Reached XP level 4. HP: 11/27 MP: 4/4
  2224 | D:2      | Noticed Jessica
  2247 | D:2      | Killed Jessica
  2431 | D:2      | Identified Jessica's Reference Book on Translocation
  2441 | D:2      | Learned a level 2 spell: Blink
  2777 | D:3      | Found a deep blue altar of Sif Muna.
  2943 | D:3      | Reached skill level 7 in Stealth
  2943 | D:3      | Reached XP level 5. HP: 25/31 MP: 5/5
  3051 | D:3      | Found a glowing drain.
  3099 | Sewer    | Entered a sewer
  3432 | Sewer    | Noticed Purgy
  3991 | Sewer    | Killed Purgy
  3991 | Sewer    | Reached skill level 1 in Translocations
  3991 | Sewer    | Reached XP level 6. HP: 19/37 MP: 6/6
  5039 | D:3      | Reached XP level 7. HP: 30/41 MP: 7/7
  5825 | D:4      | Found a transporter.
  5830 | D:4      | Noticed blackflag1's ghost (amateur MiFi)
  5880 | D:4      | Reached skill level 5 in Dodging
  5910 | D:4      | Noticed Pikel
  6087 | D:4      | Found a transporter.
  6647 | D:4      | Noticed Natasha
  6654 | D:4      | Killed Natasha
  6673 | D:4      | Found a deep blue altar of Sif Muna.
  6739 | D:4      | Noticed Natasha
  6754 | D:4      | Killed Natasha
  7249 | D:4      | Noticed Natasha
  7257 | D:4      | Killed Natasha
  7257 | D:4      | Reached XP level 8. HP: 41/48 MP: 8/8
  9547 | D:5      | Entered Level 5 of the Dungeon
  9549 | D:5      | Reached skill level 5 in Short Blades
 10457 | D:5      | Reached skill level 5 in Fighting
 10457 | D:5      | Reached skill level 8 in Stealth
 10847 | D:5      | Killed Pikel
 10847 | D:5      | Reached XP level 9. HP: 49/55 MP: 9/9
 10943 | D:5      | Noticed Ijyb
 10981 | D:5      | Killed Ijyb
 11568 | D:5      | Reached skill level 5 in Throwing
 12055 | D:6      | Learned a level 3 spell: Confuse
 12059 | D:6      | Learned a level 3 spell: Dazzling Spray
 12408 | D:6      | Noticed Sigmund
 12438 | D:6      | Reached skill level 9 in Stealth
 13009 | D:6      | HP: 3/84 [wight/enchanted short sword (3)]
 13011 | D:6      | Slain by a wight

Skill      XL: |  1  2  3  4  5  6  7  8  9 |
---------------+----------------------------+-----
Stealth        | 6 7 8 9 |  9.1
Short Blades   | 3 4 6 7 |  7.2
Dodging        | 2 4 5 7 8 |  8.3
Fighting       | 3 4 6 |  6.7
Translocations | 1 |  1.5
Throwing       | 3 4 5 |  5.3

Action                   |  1- 3 |  4- 6 |  7- 9 || total
-------------------------+-------+-------+-------++-------
Melee: Dagger            |    95 |   201 |   572 ||   868
 Fire: Blowgun           |     9 |    38 |    42 ||    89
Evoke: Wand              |       |       |    26 ||    26
  Use: Scroll            |       |     7 |     6 ||    13
       Potion            |       |     3 |     9 ||    12
 Stab: Sleeping          |    10 |    10 |    19 ||    39
       Distracted        |       |       |     2 ||     2
  Eat: Chunk             |    11 |    10 |    24 ||    45
Armor: Robe              |    12 |    78 |    69 ||   159
       Skin              |       |       |     7 ||     7
Dodge: Dodged            |    61 |   258 |   489 ||   808
